 Dungeon Crawl Stone Soup version 0.30.1-11-g7821555f0a (webtiles) character file.

Game seed: 11876608421365446748

76 Martska the Covered (level 4, -5/40 HPs)
             Began as a Minotaur Fighter on Dec 2, 2023.
             Killed from afar by Sigmund (7 damage)
             ... with a puff of flame
             ... on level 3 of the Dungeon.
             The game lasted 00:02:49 (1639 turns).

Martska the Covered (Minotaur Fighter)              Turns: 1639, Time: 00:02:50

Health: -5/40      AC:  8    Str: 23    XL:     4   Next: 12%
Magic:  3/3        EV: 10    Int:  5    God:
Gold:   175        SH:  4    Dex:  9    Spells: 3/3 levels left

rFire   . . .        h - +2 whip (drain)
rCold   . . .        c - +0 buckler
rNeg    . . .        b - +0 scale mail
rPois   .            (helmet restricted)
rElec   .            l - +0 cloak
rCorr   .            (no gloves)
SInv    .            (no boots)
Will    .....        (no amulet) Stlth
                     (no ring)
HPRegen 0.26/turn    (no ring)
MPRegen 0.08/turn

%: no passive effects
@: mighty, attractive
A: horns 2, retaliatory headbutt
a: no special abilities


You were on level 3 of the Dungeon.
You visited 1 branch of the dungeon, and saw 3 of its levels.

You collected 175 gold pieces.

Inventory:

Hand Weapons
 a - a +0 war axe
 h - a +2 whip of draining (weapon)
 q - a +3 whip
Armour
 b - a +0 scale mail (worn)
 c - a +0 buckler (worn)
 l - a +0 cloak (worn)
Magical Staves
 m - a staff of cold
Jewellery
 e - a ring of wizardry
Scrolls
 g - 2 scrolls of identify {unknown}
 i - 2 scrolls of butterflies {unknown}
 k - a scroll of fear {unknown}
 o - a scroll of teleportation {unknown}
 r - a scroll of vulnerability {unknown}
Potions
 f - a potion of attraction
 n - a potion of heal wounds {unknown}
 p - a potion of brilliance {unknown}


   Skills:
 * Level 4.3 Fighting
 * Level 3.3 Axes
 * Level 4.4 Armour
 * Level 1.8 Dodging
 - Level 3.6 Shields


You had 3 spell levels left.
You didn't know any spells.
Your spell library contained the following spells:

 Spells                   Type           Power      Damage    Failure   Level
 Tukima's Dance           Hex            0%         N/A       99%         3
 Passage of Golubria      Tloc           0%         N/A       100%        4
 Yara's Violent Unravell  Hex/Tmut       0%         3d3       100%        5
 Malign Gateway           Summ/Tloc      0%         N/A       100%        7
 Summon Horrible Things   Summ           0%         N/A       100%        8


Dungeon Overview and Level Annotations

Branches:
Dungeon (3/15)

Altars:
Xom

Annotations:
D:3 Sigmund


Innate Abilities, Weirdness & Mutations

You have a pair of horns on your head.
You reflexively headbutt those who attack you in melee.


Message History

You closely miss the orc.
The orc is heavily wounded.
* * * LOW HITPOINT WARNING * * *
You feel very sick. The orc hits you but does no damage.
You are more poisoned.
Something hits you.
* * * LOW HITPOINT WARNING * * *
It was a potion of attraction.
You feel attractive to monsters.
* * * LOW HITPOINT WARNING * * *
You feel very sick. You block the orc's attack.
It was a potion of curing.
You feel better. Something hits you.
* * * LOW HITPOINT WARNING * * *
The orc hits you with a +0 trident of venom.
* * * LOW HITPOINT WARNING * * *
You hit the orc. You drain the orc.
You kill the orc!
Something hits you but does no damage. Something is attracted toward you.
Something is attracted toward you.
You hear some strange, mumbled words.
You are confused.
Something is attracted toward you.
You bump into the rock wall.
Something hits you.
* * * LOW HITPOINT WARNING * * *
You feel very mighty all of a sudden. Something hits you but does no damage.
You bump into the rock wall.
You bump into the rock wall.
Something hits you but does no damage.
You bump into the rock wall.
You feel less confused. Something hits you.
* * * LOW HITPOINT WARNING * * *
You whack something! You headbutt something! You closely miss something.
You hear some strange, mumbled words.
A puff of flame appears from out of thin air!
The puff of flame hits you!
You die...

#...................
#...................
#...................
#...................
#..........$........
####.##)############
#######.##.#
#.......##{#
#.########@# #.# #.#
#.# #.# #.# ..# #.#
### #.#
######.#######
#.............
#.####.#######


There were no monsters in sight!

Vanquished Creatures
  3 adders (D:2)
  2 worms (D:2)
  An orc (D:3)
  2 bats
  An endoplasm (D:1)
  A giant cockroach (D:2)
  4 goblins (D:2)
  5 hobgoblins
  2 jackals (D:1)
  3 kobolds
  4 quokkas
  8 ball pythons
  5 frilled lizards
41 creatures vanquished.

Notes
Turn   | Place    | Note
-------+----------+-------------------------------------------
     0 | D:1      | Martska the Minotaur Fighter began the quest for the Orb.
     0 | D:1      | Reached XP level 1. HP: 19/19 MP: 0/0
   152 | D:1      | Reached XP level 2. HP: 25/27 MP: 1/1
   482 | D:1      | Reached skill level 1 in Dodging
   997 | D:2      | Reached XP level 3. HP: 33/33 MP: 2/2
  1286 | D:2      | Found a shimmering altar of Xom.
  1498 | D:2      | Reached XP level 4. HP: 40/40 MP: 3/3
  1538 | D:3      | Found a faded altar of an unknown god.
  1612 | D:3      | Noticed Sigmund
  1637 | D:3      | HP: 1/40 [something (5)]
  1639 | D:3      | Killed from afar by Sigmund

Illustrated notes

Levels and vault maps discovered:
D:1:      amcnicky_arrival_flooded_fountain, layout_basic
D:2:      layout_rooms, basic_altar, minmay_nonomino_d4
D:3:      layout_basic, nicolae_ecumenical_pavilion, uniq_sigmund

Skill      XL: |  1  2 |
---------------+-------+-----
Dodging        | 1 |  1.8
Armour         | 4 |  4.4
Fighting       | 4 |  4.3
Axes           | 3 |  3.3
Shields        | |  3.6

Action                     |  1- 3 |  4- 6 || total
---------------------------+-------+-------++-------
  Melee: War axe           |    26 |       ||    26
         Headbutt          |     8 |     1 ||     9
         Whip              |    78 |     9 ||    87
    Use: Potion            |       |     3 ||     3
 Armour: Scale mail        |    45 |     6 ||    51
  Dodge: Dodged            |    46 |     5 ||    51
  Block: Buckler           |    15 |     4 ||    19
